[Event "FIDE WYCC Girls U14 2023"]
[Site "Montesilvano"]
[Date "2023.11.14"]
[Round "2.9"]
[White "Sachi Jain"]
[Black "Jiang, Tianyu"]
[Result "1-0"]
[ECO "B40"]
[WhiteElo "1743"]
[BlackElo "1917"]
[Annotator "NA"]
[PlyCount "93"]
[EventDate "2023.11.13"]
[EventType "swiss"]
[EventCountry "ITA"]
[SourceTitle "playchess.com"]
[Source "ChessBase"]
[SourceQuality "1"]
[TimeControl "40/5400+30:1800+30"]

1. e4 c5 2. Nf3 e6 3. d3 d5 4. Nbd2 Nc6 5. g3 Nf6 6. Bg2 h6 7. O-O Be7 8. Re1 O-O 9. h4 Qc7 10. e5 Nh7 11. Nf1 b5 12. Bf4 a5 13. N1h2 Ba6 14. Ng4 Kh8 15. Qd2 Rg8 16. h5 b4 17. c3 a4 18. Rec1 a3 19. cxb4 axb2 20. Qxb2 Rgb8 21. a3 Bxd3 22. Qc3 Bc4 23. bxc5 Rb3 24. Qe1 Rbxa3 25. Rxa3 Rxa3 26. Ne3 Na5 27. Nxc4 Nxc4 28. Nd2 Nb2 29. Nb1 Nd3 30. Qd1 Nxc1 31. Nxa3 Na2 32. Be3 Nb4 33. Qa4 Bxc5 34. Nb5 Qe7 35. Bxc5 Qxc5 36. Nd6 Ng5 37. Nxf7+ Nxf7 38. Qe8+ Kh7 39. Qxf7 Qc1+ 40. Bf1 Qg5 41. Qxe6 Qd8 42. Bb5 Qb8 43. Ba4 Qa7 44. Be8 Qb8 45. Qf5+ Kg8 46. Qf7+ Kh7 47. Qf8 1-0

[Event "FIDE WYCC Girls U14 2023"]
[Site "Montesilvano"]
[Date "2023.11.14"]
[Round "2.10"]
[White "Qi, Jenny"]
[Black "Tsetskhladze, Mariam"]
[Result "0-1"]
[ECO "B33"]
[WhiteElo "1737"]
[BlackElo "1911"]
[Annotator "NA"]
[PlyCount "70"]
[EventDate "2023.11.13"]
[EventType "swiss"]
[EventCountry "ITA"]
[SourceTitle "playchess.com"]
[Source "ChessBase"]
[SourceQuality "1"]
[TimeControl "40/5400+30:1800+30"]

1. e4 c5 2. Nf3 e6 3. d4 cxd4 4. Nxd4 Nf6 5. Nc3 Nc6 6. Ndb5 d6 7. Bf4 e5 8. Bg5 a6 9. Na3 b5 10. Nd5 Be7 11. Bxf6 Bxf6 12. c3 O-O 13. Nc2 Rb8 14. h4 g6 15. h5 Bg5 16. Nce3 Ne7 17. g3 Be6 18. Bh3 Rb7 19. f4 Nxd5 20. Nxd5 exf4 21. gxf4 Bh4+ 22. Kd2 Bxd5 23. exd5 b4 24. Qc2 bxc3+ 25. bxc3 Qb6 26. Raf1 Re8 27. hxg6 Qe3+ 28. Kd1 hxg6 29. Be6 Kg7 30. Rxh4 Reb8 31. Rfh1 Rb1+ 32. Qxb1 Rxb1+ 33. Kc2 Qe4+ 34. Kd2 Rb2+ 35. Kc1 Qc2# 0-1

[Event "FIDE WYCC Girls U14 2023"]
[Site "Montesilvano"]
[Date "2023.11.14"]
[Round "2.11"]
[White "Li, Anna Sofie"]
[Black "Iordache, Alexia-Andreea"]
[Result "0-1"]
[ECO "B56"]
[WhiteElo "1722"]
[BlackElo "1892"]
[Annotator "NA"]
[PlyCount "136"]
[EventDate "2023.11.13"]
[EventType "swiss"]
[EventCountry "ITA"]
[SourceTitle "playchess.com"]
[Source "ChessBase"]
[SourceQuality "1"]
[TimeControl "40/5400+30:1800+30"]

1. e4 c5 2. Nf3 d6 3. d4 cxd4 4. Nxd4 Nf6 5. Nc3 Nc6 6. f3 e5 7. Nb3 Be6 8. Be3 Be7 9. Qd2 d5 10. exd5 Nxd5 11. Nxd5 Qxd5 12. Qxd5 Bxd5 13. O-O-O O-O-O 14. Bb5 Kc7 15. Kb1 f6 16. Rd2 Bxb3 17. cxb3 Rxd2 18. Bxd2 Rd8 19. Be3 Nd4 20. Rc1+ Kb8 21. Bc4 Nf5 22. Bg1 Nh4 23. Bf1 f5 24. Re1 Bg5 25. Bf2 Ng6 26. Be2 Rd2 27. g3 e4 28. Bc5 Bf6 29. Ba3 Ne5 30. fxe4 fxe4 31. Bb4 Rd8 32. Bc4 Nd3 33. Bxd3 exd3 34. Bc3 Kc7 35. Bxf6 gxf6 36. Rd1 Kc6 37. Kc1 Kc5 38. Kd2 Kd4 39. Rc1 Rd7 40. Rc4+ Ke5 41. Rf4 Rd6 42. Rf3 Ke4 43. Re3+ Kf5 44. Rxd3 Ra6 45. Rd7 h5 46. a3 Rb6 47. b4 Kg4 48. Rd4+ Kf3 49. a4 Kg2 50. Rh4 Rd6+ 51. Ke3 Rd5 52. Ke4 Rg5 53. Kf4 Rd5 54. g4 Rd4+ 55. Kf5 Rxb4 56. Rxh5 Kf3 57. h3 Rf4+ 58. Kg6 Kg3 59. Rf5 Rxa4 60. Kxf6 Kxh3 61. g5 Kg4 62. g6 Ra6+ 63. Kf7 Kxf5 64. g7 Rf6+ 65. Ke7 Rg6 66. Kf7 a5 67. g8=Q Rxg8 68. Kxg8 b5 0-1

[Event "FIDE WYCC Girls U14 2023"]
[Site "Montesilvano"]
[Date "2023.11.14"]
[Round "2.12"]
[White "Briem, Gudrun Fanney"]
[Black "Ciarletta, Iris"]
[Result "0-1"]
[ECO "A45"]
[WhiteElo "1692"]
[BlackElo "1882"]
[Annotator "NA"]
[PlyCount "130"]
[EventDate "2023.11.13"]
[EventType "swiss"]
[EventCountry "ITA"]
[SourceTitle "playchess.com"]
[Source "ChessBase"]
[SourceQuality "1"]
[TimeControl "40/5400+30:1800+30"]

1. d4 Nf6 2. Bf4 d6 3. Nc3 Nbd7 4. e4 e5 5. Bg5 Be7 6. Qd2 exd4 7. Qxd4 O-O 8. O-O-O Ne5 9. Be2 Bd7 10. h3 Bc6 11. f4 Ng6 12. f5 Ne5 13. Bf4 Nfd7 14. g4 Bg5 15. Qd2 Bxf4 16. Qxf4 Qe7 17. g5 f6 18. h4 Nc5 19. Rh3 fxg5 20. hxg5 Ne6 21. Qh2 Nxg5 22. Rh4 h6 23. Rf1 Qf6 24. Nf3 Nexf3 25. Bxf3 Qd4 26. Bh5 Rf6 27. Re1 Qe5 28. Qh1 Raf8 29. Bg6 Rxg6 30. fxg6 Nf3 31. Rh3 Qg5+ 32. Kb1 Nxe1 33. Qxe1 Qxg6 34. b3 Qf6 35. Qg3 Qf4 36. b4 Bxe4 37. Nxe4 Qxe4 38. Qb3+ Kh8 39. Re3 Qd4 40. Re1 Qf2 41. Qe6 Qf7 42. Qe4 c6 43. Qe2 d5 44. Qe5 Qf4 45. Qe7 Qf7 46. Qe3 b6 47. Qe5 c5 48. b5 d4 49. Rg1 Qf6 50. Qg3 Re8 51. Qc7 Re7 52. Qg3 Qe5 53. Qh3 Kh7 54. Qh4 c4 55. a4 Qe4 56. Qh5 d3 57. a5 dxc2+ 58. Ka2 Qd3 59. Qf5+ Qxf5 60. a6 c1=N+ 61. Ka1 Nb3+ 62. Kb2 Re2+ 63. Kc3 Rc2+ 64. Kb4 Qc5+ 65. Ka4 Ra2# 0-1

[Event "FIDE WYCC Girls U14 2023"]
[Site "Montesilvano"]
[Date "2023.11.14"]
[Round "2.13"]
[White "Sosovickova, Martina"]
[Black "Wojs, Alicja"]
[Result "1/2-1/2"]
[ECO "D45"]
[WhiteElo "1877"]
[BlackElo "1630"]
[Annotator "NA"]
[PlyCount "69"]
[EventDate "2023.11.13"]
[EventType "swiss"]
[EventCountry "ITA"]
[SourceTitle "playchess.com"]
[Source "ChessBase"]
[SourceQuality "1"]
[TimeControl "40/5400+30:1800+30"]

1. d4 Nf6 2. Nf3 d5 3. c4 c6 4. Nc3 e6 5. e3 Bd6 6. Qc2 Nbd7 7. b3 O-O 8. Be2 e5 9. O-O Re8 10. cxd5 cxd5 11. Nb5 Bb8 12. dxe5 Nxe5 13. Bb2 Nxf3+ 14. Bxf3 a6 15. Bxf6 Qxf6 16. Nc7 Qd6 17. Rfc1 Bxc7 18. Qxc7 Qe5 19. Qxe5 Rxe5 20. Rc5 Be6 21. Rd1 Kf8 22. Rc2 b6 23. Rcd2 Ke7 24. Kf1 Rc8 25. Ke1 Rc5 26. b4 Rc4 27. Rd4 f5 28. Be2 Rxd4 29. Rxd4 b5 30. Bd3 Bf7 31. Kd2 Kf6 32. Bc2 Re7 33. Bb3 Ke5 34. f4+ Kd6 35. Bc2 1/2-1/2

[Event "FIDE WYCC Girls U14 2023"]
[Site "Montesilvano"]
[Date "2023.11.14"]
[Round "2.14"]
[White "Mkrtchyan, Anahit H."]
[Black "Maklakova, Naomi"]
[Result "0-1"]
[ECO "C79"]
[WhiteElo "1630"]
[BlackElo "1873"]
[Annotator "NA"]
[PlyCount "102"]
[EventDate "2023.11.13"]
[EventType "swiss"]
[EventCountry "ITA"]
[SourceTitle "playchess.com"]
[Source "ChessBase"]
[SourceQuality "1"]
[TimeControl "40/5400+30:1800+30"]

1. e4 e5 2. Nf3 Nc6 3. Bb5 a6 4. Ba4 d6 5. O-O Nf6 6. c3 Nxe4 7. d4 b5 8. Bb3 Bb7 9. Re1 f5 10. Nbd2 Be7 11. Be6 Nxd2 12. Bxd2 e4 13. d5 exf3 14. dxc6 Bxc6 15. Qb3 Kf8 16. Bxf5 Bg5 17. Qc2 g6 18. Be6 fxg2 19. f4 Bh4 20. f5 Kg7 21. Be3 Re8 22. Qd2 Bf6 23. Bh6+ Kh8 24. fxg6 hxg6 25. Qd3 Kh7 26. Bf7 Rg8 27. Bxg8+ Qxg8 28. Qh3 Qf7 29. Bg5+ Kg7 30. Bxf6+ Qxf6 31. Re6 Qg5 32. Rae1 Qc5+ 33. Qe3 Qxe3+ 34. R6xe3 Rf8 35. Re7+ Rf7 36. Rxf7+ Kxf7 37. b4 Bd5 38. Rd1 Ke6 39. Rd4 c5 40. Rh4 cxb4 41. cxb4 Bf3 42. Kf2 d5 43. Rh8 d4 44. Re8+ Kd5 45. Re1 Be4 46. a3 g5 47. Rc1 Ke5 48. h3 Kf4 49. Rc8 d3 50. Rg8 Bd5 51. Rf8+ Ke5 0-1

[Event "FIDE WYCC Girls U14 2023"]
[Site "Montesilvano"]
[Date "2023.11.14"]
[Round "2.15"]
[White "Negre, Emilie"]
[Black "Khulan, Bayarsaikhan"]
[Result "0-1"]
[ECO "A56"]
[WhiteElo "1871"]
[BlackElo "1615"]
[Annotator "NA"]
[PlyCount "102"]
[EventDate "2023.11.13"]
[EventType "swiss"]
[EventCountry "ITA"]
[SourceTitle "playchess.com"]
[Source "ChessBase"]
[SourceQuality "1"]
[TimeControl "40/5400+30:1800+30"]

1. d4 Nf6 2. c4 c5 3. Nf3 g6 4. Nc3 cxd4 5. Nxd4 Nc6 6. e4 d6 7. Be2 Bg7 8. Be3 Bd7 9. f3 O-O 10. O-O Qb6 11. Kh1 Rfe8 12. Nf5 Qxb2 13. Nxg7 Kxg7 14. Nd5 Rab8 15. c5 dxc5 16. Bxc5 Be6 17. Bc4 Red8 18. Rf2 Qe5 19. Rd2 b6 20. Bf2 Qg5 21. Bg3 Rb7 22. Bf4 Qh4 23. g3 Qh5 24. Bb5 Nxd5 25. g4 Nc3 26. gxh5 Nxd1 27. Rxd8 Nf2+ 28. Kg2 Nxd8 29. h6+ Kf6 30. Kxf2 g5 31. Bg3 a6 32. Bxa6 Ra7 33. Bd3 Kg6 34. a4 Kxh6 35. Bb5 Bd7 36. Bxd7 Rxd7 37. Rb1 Ra7 38. Rxb6+ Ne6 39. Be5 Ra5 40. Bc3 Rxa4 41. Rb7 Kg6 42. Rxe7 Ra2+ 43. Kg1 Ra3 44. Bb2 Rb3 45. Bh8 Rxf3 46. Re8 h5 47. Be5 h4 48. Rg8+ Kh5 49. Bd6 Kg4 50. Kg2 h3+ 51. Kg1 Nd4 0-1

[Event "FIDE WYCC Girls U14 2023"]
[Site "Montesilvano"]
[Date "2023.11.14"]
[Round "2.16"]
[White "Field, Lila Quinn"]
[Black "Huseynova, Lala"]
[Result "1/2-1/2"]
[ECO "B92"]
[WhiteElo "1616"]
[BlackElo "1867"]
[Annotator "NA"]
[PlyCount "89"]
[EventDate "2023.11.13"]
[EventType "swiss"]
[EventCountry "ITA"]
[SourceTitle "playchess.com"]
[Source "ChessBase"]
[SourceQuality "1"]
[TimeControl "40/5400+30:1800+30"]

1. e4 c5 2. Nf3 d6 3. d4 cxd4 4. Nxd4 Nf6 5. Nc3 a6 6. Be2 e5 7. Nf3 Qc7 8. Bg5 Nbd7 9. a4 b6 10. Nd2 Bb7 11. Bc4 Be7 12. Ba2 O-O 13. O-O Nc5 14. Bxf6 Bxf6 15. Bd5 Bg5 16. Nc4 Rad8 17. Qg4 h6 18. h4 Bc8 19. Qg3 Be7 20. Ne3 Be6 21. Nf5 Bxf5 22. exf5 Nd7 23. Rfd1 Nf6 24. Qd3 Qc8 25. g3 a5 26. Be4 Qc5 27. Nd5 Nxd5 28. Qxd5 Qb4 29. Ra2 Rb8 30. c3 Qc5 31. Qb3 Qc7 32. Rd5 Rfc8 33. Bd3 Qd7 34. Ra1 Rd8 35. Re1 Bf6 36. Be4 Be7 37. Red1 Qc7 38. Qb5 Rdc8 39. Bc2 Qc4 40. Qxc4 Rxc4 41. Re1 Rc5 42. Red1 Kf8 43. Rxc5 bxc5 44. b3 Ke8 45. c4 1/2-1/2

[Event "FIDE WYCC Girls U14 2023"]
[Site "Montesilvano"]
[Date "2023.11.14"]
[Round "2.17"]
[White "Zagorac, Lara"]
[Black "Haapsal, Maria Ioanna"]
[Result "1-0"]
[ECO "A48"]
[WhiteElo "1866"]
[BlackElo "1597"]
[Annotator "NA"]
[PlyCount "103"]
[EventDate "2023.11.13"]
[EventType "swiss"]
[EventCountry "ITA"]
[SourceTitle "playchess.com"]
[Source "ChessBase"]
[SourceQuality "1"]
[TimeControl "40/5400+30:1800+30"]

1. d4 Nf6 2. Nf3 g6 3. c4 Bg7 4. g3 d6 5. Bg2 O-O 6. O-O c5 7. dxc5 dxc5 8. Ne5 Qb6 9. Nc3 Nbd7 10. Nd3 Ng4 11. Qc2 Rb8 12. Rd1 e6 13. Bf4 e5 14. Bg5 f6 15. Bc1 Kh8 16. h3 Nh6 17. Be3 Nf5 18. Nd5 Nxe3 19. Nxe3 f5 20. Nd5 Qe6 21. e3 b6 22. a3 Bb7 23. b4 cxb4 24. axb4 a6 25. Nc7 Qf7 26. Nxa6 Bxa6 27. Rxa6 Rfc8 28. Nb2 Nf6 29. Qe2 Bf8 30. b5 e4 31. Bf1 Rc7 32. Na4 Nd7 33. Qd2 Qg7 34. Qd4 Ne5 35. Kg2 Rd7 36. Qa1 Rxd1 37. Qxd1 Qc7 38. Qd4 Bg7 39. Rxb6 Ra8 40. Qc5 Qf7 41. Ra6 Rd8 42. b6 Nd7 43. Qc7 Qe8 44. Ra7 Be5 45. Qc6 f4 46. exf4 Bb8 47. Ra5 e3 48. Qf3 exf2 49. c5 Nf6 50. c6 Rd6 51. c7 Bxc7 52. bxc7 1-0

[Event "FIDE WYCC Girls U14 2023"]
[Site "Montesilvano"]
[Date "2023.11.14"]
[Round "2.18"]
[White "Zhang, Michelle"]
[Black "Sun, Wanyao Sarah"]
[Result "1-0"]
[ECO "B13"]
[WhiteElo "1833"]
[BlackElo "1593"]
[Annotator "NA"]
[PlyCount "95"]
[EventDate "2023.11.13"]
[EventType "swiss"]
[EventCountry "ITA"]
[SourceTitle "playchess.com"]
[Source "ChessBase"]
[SourceQuality "1"]
[TimeControl "40/5400+30:1800+30"]

1. e4 c6 2. d4 d5 3. exd5 cxd5 4. Bd3 Nf6 5. h3 Nc6 6. c3 e6 7. Nf3 Be7 8. O-O O-O 9. Re1 a6 10. a4 Bd7 11. Qe2 Qc7 12. Bg5 h6 13. Bh4 Nh5 14. Bxe7 Nxe7 15. Bc2 Nf4 16. Qe3 f6 17. Na3 Rae8 18. Rac1 Nc6 19. Qd2 e5 20. c4 dxc4 21. d5 Na5 22. Re3 Qb6 23. Rc3 Rc8 24. Rd1 Kh8 25. Bb1 Bxa4 26. Bc2 Bxc2 27. Qxc2 Rfd8 28. Nxc4 Nxc4 29. Rxc4 Rxc4 30. Qxc4 Qxb2 31. Qc7 Ne6 32. Qe7 Qb6 33. d6 Nc5 34. Nh4 Kh7 35. Nf5 Rd7 36. Qe8 Qd8 37. Qh5 Ne6 38. h4 Qb6 39. Qe8 Nc5 40. h5 Qd8 41. Qg6+ Kh8 42. f3 b5 43. Rc1 Nd3 44. Rc6 Nf4 45. Qg4 a5 46. Ne7 Rxe7 47. Rc8 Rd7 48. Qxd7 1-0

[Event "FIDE WYCC Girls U14 2023"]
[Site "Montesilvano"]
[Date "2023.11.14"]
[Round "2.19"]
[White "Valente, Sofia"]
[Black "Sneha Halder"]
[Result "0-1"]
[ECO "A43"]
[WhiteElo "1604"]
[BlackElo "1807"]
[Annotator "NA"]
[PlyCount "58"]
[EventDate "2023.11.13"]
[EventType "swiss"]
[EventCountry "ITA"]
[SourceTitle "playchess.com"]
[Source "ChessBase"]
[SourceQuality "1"]
[TimeControl "40/5400+30:1800+30"]

1. d4 c5 2. d5 b5 3. e4 a6 4. c4 bxc4 5. Bxc4 d6 6. Nc3 Nf6 7. Nge2 g6 8. O-O Bg7 9. f4 O-O 10. h3 Nbd7 11. Be3 Rb8 12. Rb1 Nb6 13. Bb3 Ne8 14. f5 Nc7 15. fxg6 hxg6 16. Nf4 Nb5 17. Nxb5 axb5 18. h4 Nc4 19. Bxc4 bxc4 20. Qc1 Qd7 21. Qxc4 Rb4 22. Qc2 Ba6 23. Rf3 Rc4 24. Qf2 Rxe4 25. Kh1 Qg4 26. b3 Bf6 27. Rh3 Bd4 28. Rg3 Qxh4+ 29. Nh3 Bxe3 0-1

[Event "FIDE WYCC Girls U14 2023"]
[Site "Montesilvano"]
[Date "2023.11.14"]
[Round "2.20"]
[White "Skramstad, Oda Kofoed"]
[Black "Orazalina, Nursulu"]
[Result "1-0"]
[ECO "E98"]
[WhiteElo "1801"]
[BlackElo "1428"]
[Annotator "NA"]
[PlyCount "141"]
[EventDate "2023.11.13"]
[EventType "swiss"]
[EventCountry "ITA"]
[SourceTitle "playchess.com"]
[Source "ChessBase"]
[SourceQuality "1"]
[TimeControl "40/5400+30:1800+30"]

1. d4 Nf6 2. c4 g6 3. Nc3 Bg7 4. e4 d6 5. Nf3 O-O 6. Be2 e5 7. O-O Nc6 8. d5 Ne7 9. Ne1 Nd7 10. Be3 f5 11. f3 f4 12. Bf2 g5 13. Rc1 Ng6 14. c5 a6 15. cxd6 cxd6 16. Qb3 Rf7 17. Na4 b5 18. Nc3 Rb8 19. Nd3 h5 20. Nb4 Qf8 21. Nc6 Ra8 22. a4 bxa4 23. Nxa4 Bh6 24. Rc2 a5 25. Rfc1 Ne7 26. Na7 g4 27. Nxc8 Nxc8 28. Qb7 Na7 29. Bxa7 Nc5 30. Qc6 Rc8 31. Qb6 Rb7 32. Qxb7 Nxb7 33. Rxc8 Nd8 34. Bb6 Bg5 35. Rb8 Qe8 36. b3 gxf3 37. Bxf3 Qb5 38. Rc3 Qb4 39. Rbc8 Kg7 40. Kf1 Nf7 41. R8c7 Kg6 42. R7c6 Bh4 43. g3 fxg3 44. hxg3 Bxg3 45. R6c4 Qa3 46. Bxh5+ Kxh5 47. Rxg3 Qa1+ 48. Ke2 Qa2+ 49. Kd1 Qb1+ 50. Kd2 Ng5 51. Re3 Kg4 52. Rcc3 Kf4 53. Rc1 Qa2+ 54. Rc2 Qa1 55. Nc3 Nf3+ 56. Ke2 Nd4+ 57. Bxd4 exd4 58. Rf3+ Kg4 59. Nd1 a4 60. Nf2+ Kg5 61. bxa4 Qxa4 62. Rd2 Qc4+ 63. Rfd3 Kf4 64. Kf1 Qa6 65. Kg2 Qc8 66. Rf3+ Kg5 67. Rxd4 Qc1 68. Rdd3 Kg6 69. Rf5 Kh6 70. Rh3+ Kg6 71. Rg3+ 1-0

[Event "FIDE WYCC Girls U14 2023"]
[Site "Montesilvano"]
[Date "2023.11.14"]
[Round "2.21"]
[White "Sezdbekova, Aizhan"]
[Black "Li Chen, Helena Joana"]
[Result "1-0"]
[ECO "B22"]
[WhiteElo "1594"]
[BlackElo "1799"]
[Annotator "NA"]
[PlyCount "103"]
[EventDate "2023.11.13"]
[EventType "swiss"]
[EventCountry "ITA"]
[SourceTitle "playchess.com"]
[Source "ChessBase"]
[SourceQuality "1"]
[TimeControl "40/5400+30:1800+30"]

1. e4 c5 2. c3 Nf6 3. e5 Nd5 4. d4 cxd4 5. Qxd4 e6 6. Nf3 Nc6 7. Qe4 f5 8. exf6 Nxf6 9. Qc2 Be7 10. Bd3 d5 11. Ng5 e5 12. Bxh7 Nxh7 13. Qg6+ Kd7 14. Nxh7 Qg8 15. Ng5 Rh6 16. Qc2 e4 17. Bf4 Bxg5 18. Bxg5 Rg6 19. h4 Ne5 20. O-O Ke8 21. Nd2 Qe6 22. Rae1 Nd3 23. Re3 b5 24. Nb3 Kf7 25. Nd4 Qd6 26. f3 Kg8 27. fxe4 dxe4 28. Rxe4 Bb7 29. Qxd3 Bxe4 30. Qxe4 Rf8 31. Rxf8+ Kxf8 32. Qf5+ Kg8 33. h5 Rxg5 34. Qxg5 b4 35. Qf5 bxc3 36. bxc3 Qa3 37. Qe6+ Kh7 38. Qg6+ Kh8 39. Qc2 Qc5 40. Qd3 a5 41. Kf1 a4 42. Kf2 Kg8 43. h6 gxh6 44. Qg6+ Kh8 45. Qxh6+ Kg8 46. Qe6+ Kh8 47. Qe3 a3 48. g4 Qb6 49. Nf5 Qb2+ 50. Kg3 Qxa2 51. Qh6+ Kg8 52. Qg7# 1-0

[Event "FIDE WYCC Girls U14 2023"]
[Site "Montesilvano"]
[Date "2023.11.14"]
[Round "2.22"]
[White "Montano Vicente, Guadalupe"]
[Black "Sodgerelt Naranbold"]
[Result "1-0"]
[ECO "D20"]
[WhiteElo "1794"]
[BlackElo "1419"]
[Annotator "NA"]
[PlyCount "52"]
[EventDate "2023.11.13"]
[EventType "swiss"]
[EventCountry "ITA"]
[SourceTitle "playchess.com"]
[Source "ChessBase"]
[SourceQuality "1"]
[TimeControl "40/5400+30:1800+30"]

1. d4 d5 2. c4 dxc4 3. e4 Nf6 4. e5 Nd5 5. Bxc4 e6 6. Nf3 a6 7. O-O b5 8. Bd3 Bb7 9. Nbd2 Nd7 10. Ne4 c5 11. Bg5 Qb8 12. dxc5 Nxe5 13. Re1 Nxd3 14. Qxd3 h6 15. Bh4 Nf4 16. Qe3 Nd5 17. Qd4 Bc6 18. Ne5 Qb7 19. Rac1 Rc8 20. b4 a5 21. a3 Qa7 22. Nxc6 Rxc6 23. Nc3 Nf6 24. Nxb5 Qb8 25. Rcd1 Be7 26. Bxf6 Qxb5 1-0

[Event "FIDE WYCC Girls U14 2023"]
[Site "Montesilvano"]
[Date "2023.11.14"]
[Round "2.23"]
[White "Poetscher, Katharina"]
[Black "Stankovic, Andrea"]
[Result "0-1"]
[ECO "C13"]
[WhiteElo "1345"]
[BlackElo "1768"]
[Annotator "NA"]
[PlyCount "24"]
[EventDate "2023.11.13"]
[EventType "swiss"]
[EventCountry "ITA"]
[SourceTitle "playchess.com"]
[Source "ChessBase"]
[SourceQuality "1"]
[TimeControl "40/5400+30:1800+30"]

1. e4 e6 2. d4 d5 3. Nc3 Nf6 4. Bg5 Be7 5. e5 Nfd7 6. h4 a6 7. Qh5 c5 8. f4 cxd4 9. Nce2 Qa5+ 10. Kf2 Bc5 11. Kg3 g6 12. Qh6 Bf8 0-1

[Event "FIDE WYCC Girls U14 2023"]
[Site "Montesilvano"]
[Date "2023.11.14"]
[Round "2.24"]
[White "Romany, Joy"]
[Black "Kairbekova, Albina"]
[Result "1-0"]
[ECO "E06"]
[WhiteElo "1764"]
[BlackElo "1111"]
[Annotator "NA"]
[PlyCount "109"]
[EventDate "2023.11.13"]
[EventType "swiss"]
[EventCountry "ITA"]
[SourceTitle "playchess.com"]
[Source "ChessBase"]
[SourceQuality "1"]
[TimeControl "40/5400+30:1800+30"]

1. d4 d5 2. c4 e6 3. Nf3 Nf6 4. g3 Be7 5. Bg2 O-O 6. O-O Nc6 7. b3 b6 8. cxd5 exd5 9. Nc3 Bb7 10. Bf4 Bd6 11. Ne5 Bb4 12. Rc1 Ba3 13. Rb1 Bb4 14. Rc1 Ba3 15. Rc2 Be7 16. Nxd5 Nxd5 17. Nxc6 Bxc6 18. Rxc6 Nxf4 19. gxf4 Qd7 20. Qc2 Qxd4 21. Rc4 Qd7 22. Rxc7 Qe6 23. f5 Qe5 24. Rxe7 Qxe7 25. Bxa8 Rxa8 26. Rc1 Re8 27. e3 Qg5+ 28. Kh1 Qh5 29. Qe4 Rd8 30. Rg1 h6 31. Qg2 Kf8 32. Qxg7+ Ke7 33. Qe5+ Kf8 34. Qg7+ Ke7 35. Qg4 Qxg4 36. Rxg4 Rd2 37. Ra4 a5 38. Kg2 Kf6 39. b4 axb4 40. Rxb4 Rxa2 41. Rxb6+ Kg5 42. Kg3 h5 43. h4+ Kxf5 44. Rh6 Ra1 45. Rxh5+ Ke4 46. Kg2 Ra8 47. Rg5 f6 48. Rg4+ Ke5 49. Kg3 Rh8 50. Rg7 f5 51. Rg5 Kf6 52. f3 Re8 53. Kf4 Rh8 54. Rxf5+ Ke6 55. h5 1-0

[Event "FIDE WYCC Girls U14 2023"]
[Site "Montesilvano"]
[Date "2023.11.14"]
[Round "2.25"]
[White "Cutiyog, Jirah Floravie"]
[Black "Gaszka, Zuzanna"]
[Result "1-0"]
[ECO "B12"]
[WhiteElo "1305"]
[BlackElo "1758"]
[Annotator "NA"]
[PlyCount "84"]
[EventDate "2023.11.13"]
[EventType "swiss"]
[EventCountry "ITA"]
[SourceTitle "playchess.com"]
[Source "ChessBase"]
[SourceQuality "1"]
[TimeControl "40/5400+30:1800+30"]

1. e4 c6 2. d4 d5 3. e5 c5 4. dxc5 e6 5. b4 Nc6 6. Bb5 Nge7 7. Nf3 Bd7 8. Bxc6 Nxc6 9. c3 a5 10. Bd2 Qc7 11. Qe2 g6 12. O-O Bg7 13. Re1 axb4 14. cxb4 O-O 15. Bc3 Ra4 16. a3 Rfa8 17. Qb2 Na7 18. Qb3 Bb5 19. Bd4 Nc6 20. Nc3 Nxd4 21. Nxd4 Bc4 22. Qb2 R4a6 23. Ncb5 Qe7 24. Nd6 Qg5 25. N4b5 Rc6 26. Nxc4 dxc4 27. Qd4 Rd8 28. Nd6 b6 29. h4 Qe7 30. Qxc4 bxc5 31. bxc5 Qc7 32. Rac1 Bf8 33. Red1 Ra8 34. Rd3 Ra5 35. Qf4 Raxc5 36. Rxc5 Rxc5 37. Rf3 Bxd6 38. exd6 Qb7 39. Qf6 Rd5 40. Qe7 Qc8 41. Rxf7 Qc1+ 42. Kh2 Qc5 1-0

[Event "FIDE WYCC Girls U14 2023"]
[Site "Montesilvano"]
[Date "2023.11.14"]
[Round "2.26"]
[White "Natoli, Alessia"]
[Black "Mongoljin, Davaadorj"]
[Result "1-0"]
[ECO "C00"]
[WhiteElo "1756"]
[BlackElo "1077"]
[Annotator "NA"]
[PlyCount "115"]
[EventDate "2023.11.13"]
[EventType "swiss"]
[EventCountry "ITA"]
[SourceTitle "playchess.com"]
[Source "ChessBase"]
[SourceQuality "1"]
[TimeControl "40/5400+30:1800+30"]

1. e4 e6 2. d4 d5 3. Bd3 dxe4 4. Bxe4 Nf6 5. Bf3 c5 6. Ne2 Qb6 7. O-O Nc6 8. c3 Bd6 9. dxc5 Bxc5 10. b4 Be7 11. Be3 Qd8 12. Bxc6+ bxc6 13. Qxd8+ Bxd8 14. Nd2 Bb6 15. Nc4 Ba6 16. Nxb6 axb6 17. Rfe1 Bxe2 18. Rxe2 Nd5 19. Bd4 O-O 20. a4 Ra6 21. Rb2 Rfa8 22. a5 f6 23. c4 Nc7 24. Rba2 bxa5 25. Rxa5 Rxa5 26. bxa5 Na6 27. Bb6 Kf7 28. Rd1 Ke7 29. f4 h5 30. Kf2 Rb8 31. Ke3 g6 32. h3 Rh8 33. Rb1 Rb8 34. Kd4 Kd7 35. Ke3 c5 36. g4 h4 37. g5 f5 38. Kd3 Kc6 39. Re1 Re8 40. Kc3 Re7 41. Bd8 Re8 42. Bf6 Nc7 43. Rb1 Ra8 44. Rb6+ Kd7 45. Be5 Ra7 46. Kb3 Na8 47. Rd6+ Ke7 48. Ka4 Rb7 49. Ra6 Nc7 50. Rc6 Kd7 51. Rxc5 Ra7 52. Rxc7+ Rxc7 53. Bxc7 Kxc7 54. Kb4 Kc6 55. Kc3 Kc5 56. Kd3 Kc6 57. Kd4 Kd6 58. c5+ 1-0

[Event "FIDE WYCC Girls U14 2023"]
[Site "Montesilvano"]
[Date "2023.11.14"]
[Round "2.27"]
[White "Chukuyeva, Mariya"]
[Black "Piddubna, Bozhena"]
[Result "0-1"]
[ECO "A45"]
[WhiteElo "1173"]
[BlackElo "2081"]
[Annotator "NA"]
[PlyCount "144"]
[EventDate "2023.11.13"]
[EventType "swiss"]
[EventCountry "ITA"]
[SourceTitle "playchess.com"]
[Source "ChessBase"]
[SourceQuality "1"]
[TimeControl "40/5400+30:1800+30"]

1. d4 Nf6 2. Bf4 d5 3. e3 e6 4. Nf3 c5 5. c3 Nc6 6. Nbd2 Nh5 7. Bg5 f6 8. Bh4 g6 9. Bd3 Ng7 10. Bg3 Be7 11. O-O O-O 12. Qc2 Bd7 13. Rfe1 Rc8 14. Qd1 Be8 15. Qe2 Bf7 16. a3 Nh5 17. Rac1 Re8 18. Bb1 Bf8 19. Nb3 Nxg3 20. hxg3 c4 21. Nbd2 Qb6 22. Nf1 Qc7 23. e4 e5 24. dxe5 Nxe5 25. Nxe5 Rxe5 26. Qf3 dxe4 27. Bxe4 Rce8 28. Re3 Bc5 29. Bxb7 Bxe3 30. Nxe3 f5 31. Rd1 Rd8 32. Nd5 Bxd5 33. Bxd5+ Kg7 34. Qf4 Qe7 35. Qxc4 Re4 36. Qb3 Re1+ 37. Kh2 Rxd1 38. Qxd1 Qc5 39. c4 Qxc4 40. Bxc4 Rxd1 41. f3 Ra1 42. f4 Kf6 43. Bd5 h6 44. Bc4 g5 45. Bd5 Rd1 46. Bg8 gxf4 47. gxf4 Rd8 48. Bb3 Rb8 49. Bc4 Rxb2 50. Bd5 Rd2 51. Bg8 Rd3 52. a4 Rd4 53. Bb3 Rxf4 54. a5 Rb4 55. Bc2 Rb2 56. Bd3 Kg5 57. a6 Kg4 58. Bc4 h5 59. Bd5 h4 60. Bf3+ Kg5 61. Bb7 Rb3 62. Bf3 Kf4 63. Bb7 Ra3 64. Bc8 Kg4 65. Bb7 h3 66. Bf3+ Rxf3 67. gxf3+ Kxf3 68. Kxh3 f4 69. Kh2 Ke2 70. Kg1 f3 71. Kh1 f2 72. Kh2 f1=Q 0-1